 Dungeon Sprint DCSS version 0.27.0-1-g7a089689b8 (webtiles) character file.

Game seed: 649586266832175544

6347 Groucho the Imperceptible (level 10, -2/44 HPs)
             Began as a Spriggan Enchanter on Aug 4, 2021.
             Was a High Priest of Sif Muna.
             Slain by a demonic crawler (10 damage)
             ... in the Dungeon (Sprint I: "Red Sonja").
             The game lasted 00:11:49 (1652 turns).

Groucho the Imperceptible (Spriggan Enchanter)      Turns: 1652, Time: 00:11:49

Health: -2/44      AC:  9    Str:  7    XL:     10   Next: 65%
Magic:  19/28      EV: 24    Int: 19    God:    Sif Muna [*****.]
Gold:   293        SH:  0    Dex: 22    Spells: 14/35 levels left

rFire    . . .     SeeInvis +   a - +1 dagger
rCold    + . .     Faith    .   (shield restricted)
rNeg     . . .     Spirit   .   q - +2 robe of Courage {rC+ Dex+5}
rPois    +         Reflect  .   p - +2 hat {Int+3}
rElec    .         Harm     .   k - +2 cloak
rCorr    .         Rampage  .   (gloves unavailable)
Will     +....     NoTele   +   (boots unavailable)
Stlth    +++++++++.             (no amulet)
HPRegen  0.14/turn              r - ring of poison resistance
MPRegen  0.21/turn              (no ring)

@: confusing by touch, very quick
A: very small, no large weapons, unfitting armour, see invisible, speed 3
a: Renounce Religion, Channel Magic, Forget Spell, Divine Exegesis


You were in the Dungeon.
You worshipped Sif Muna.
Sif Muna was extremely pleased with you.
You visited 1 branch You collected 1550 gold pieces.
You spent 1257 gold pieces at shops.

Inventory:

Hand Weapons
 a - a +1 dagger (weapon)
 i - a +2 short sword of venom
Missiles
 j - 4 curare-tipped darts
 l - 56 arrows
 n - 14 stones
Armour
 k - a +2 cloak (worn)
 p - a +2 hat of intelligence (worn)
 q - the +2 robe of Courage (worn) {rC+ Dex+5}
   (You bought it in a shop in the Dungeon)

   Dex:       It affects your dexterity (+5).
   rC:        It protects you from cold.
Jewellery
 r - a ring of poison resistance (left hand)
Wands
 b - a wand of iceblast (8)
 g - a wand of charming (7)
Scrolls
 c - a scroll of magic mapping {unknown}
 m - a scroll of blinking
 s - a scroll of fear {unknown}
Potions
 d - a potion of heal wounds
 e - a potion of haste
 f - 2 potions of magic
 h - a potion of brilliance {unknown}
 o - a potion of lignification {unknown}


   Skills:
 + Level 6.2 Short Blades
 + Level 7.8 Dodging
 + Level 25.2 Stealth
 + Level 13.0 Spellcasting
 + Level 13.2 Hexes
 + Level 3.1 Transmutations
 + Level 2.1 Earth Magic


You had 14 spell levels left.
You knew the following spells:

 Your Spells              Type           Power      Damage    Failure   Level
a - Corona                Hex            64%        N/A       1%          1
b - Ensorcelled Hibernat  Hex/Ice        74%        N/A       1%          2
c - Confusing Touch       Hex            58%        N/A       1%          3
d - Tukima's Dance        Hex            58%        N/A       1%          3
e - Dazzling Flash        Conj/Hex       74%        N/A       1%          3
f - Passwall              Tmut/Erth      18%        N/A       2%          2
g - Lee's Rapid Deconstr  Erth           10%        3d9*      52%         5
h - Slow                  Hex            58%        N/A       1%          2

Your spell library contained the following spells:

 Spells                   Type           Power      Damage    Failure   Level
 Portal Projectile        Hex/Tloc       74%        N/A       1%          3
 Sandblast                Erth           40%        2d10      2%          1
 Shock                    Conj/Air       48%        1d6       5%          1
 Silence                  Hex/Air        18%        N/A       10%         5
 Discord                  Hex            29%        N/A       85%         8


Dungeon Overview and Level Annotations

Branches:
Dungeon (1/1)

Altars:
Cheibriados
Dithmenos
Elyvilon
Fedhas
Gozag
Hepliaklqana
Kikubaaqudgha
Makhleb
Nemelex Xobeh
Okawaru
Qazlal
Ru
Sif Muna
Trog
Uskayaw
Vehumet
Wu Jian
Xom
Yredelemnul
Zin
The Shining One
Jiyva
Lugonu

Shops:
D (![((*(=*![[*[*[[


Innate Abilities, Weirdness & Mutations

You are very small and have problems with some larger weapons.
You are too small for most types of armour.
You have supernaturally acute eyesight. (SInv)
You cover ground extremely quickly. (Speed+++)


Message History

You can't see any susceptible monsters within range! (Use Z to cast anyway.)
Casting: Passwall (safe; 2% risk of failure)
Confirm with . or Enter, or press ? or * to list all spells.
Your hands begin to glow red.
The demonic crawler hits you but does no damage.
The demonic crawler hits you! The demonic crawler hits you.
You hit the demonic crawler but do no damage.
You hit the demonic crawler but do no damage.
The demonic crawler barely misses you.
The demonic crawler completely misses you.
The demonic crawler barely misses you.
The demonic crawler closely misses you. x2
The demonic crawler misses you.
You hit the demonic crawler but do no damage.
The demonic crawler hits you. The demonic crawler misses you.
The demonic crawler hits you!
Unknown command.
Unknown command.
The demonic crawler hits you.
The demonic crawler hits you but does no damage.
The demonic crawler completely misses you.
There is an open door here.
Casting: Confusing Touch (safe; 1% risk of failure)
Confirm with . or Enter, or press ? or * to list all spells.
Aiming: Tukima's Dance (safe; 1% risk of failure)
Press: ? - help, Shift-Dir - straight line, f - you
Okay, then.
Casting: Tukima's Dance (safe; 1% risk of failure)
Confirm with . or Enter, or press ? or * to list all spells.
The demonic crawler is dazzled.
The demonic crawler hits you! The demonic crawler misses you.
The demonic crawler closely misses you.
The demonic crawler completely misses you.
The demonic crawler misses you.
The demonic crawler completely misses you.
Unknown command.
Casting: Dazzling Flash (safe; 1% risk of failure)
Confirm with . or Enter, or press ? or * to list all spells.
The demonic crawler is dazzled.
The demonic crawler hits you!
* * * LOW HITPOINT WARNING * * *
The demonic crawler closely misses you. The demonic crawler hits you!
You die...

######################
..'..#..'..#__#.@ss.)#
..#.)'..#..'^.'..#...##+#
####'#####'#__####)..:..#
###..#...#§####§.#####†.+
__####..##§#≈≈§§)#..# +##
_____##'#_§§§§§.§+.†#
_.∩...'..§_#§≈≈§§#..#
_..__##_.#'##'#####'###
_____###'#.#..§.###.'.#


You could see 2 demonic crawlers.

Vanquished Creatures
  2 centaur warriors (D)
  Sonja (D)
  A deep troll (D)
  An oklob plant (D)
  2 unseen horrors (D)
  2 demonic crawlers (D)
  2 kobold demonologists (D)
  A hornet (D)
  A slime creature (D)
  Sigmund (D)
  2 redbacks (D)
  A yak (D)
  2 floating eyes (D)
  7 necrophages (D)
  An ogre (D)
  8 jellies (D)
  Ijyb (D)
36 creatures vanquished.

Notes
Turn   | Place    | Note
-------+----------+-------------------------------------------
     0 | D        | Groucho the Spriggan Enchanter began the quest for the Orb.
     0 | D        | Reached XP level 1. HP: 9/9 MP: 5/5
     4 | D        | Noticed Ijyb
    14 | D        | Killed Ijyb
    15 | D        | Reached skill level 10 in Stealth
    15 | D        | Reached XP level 2. HP: 13/13 MP: 6/6
   159 | D        | Noticed an ogre
   161 | D        | Killed an ogre
   162 | D        | Reached skill level 14 in Stealth
   162 | D        | Reached XP level 3. HP: 16/16 MP: 8/8
   162 | D        | Reached XP level 4. HP: 21/21 MP: 9/9
   164 | D        | Noticed Sigmund
   181 | D        | Learned a level 2 spell: Ensorcelled Hibernation
   188 | D        | Killed Sigmund
   189 | D        | Reached skill level 17 in Stealth
   189 | D        | Reached XP level 5. HP: 6/24 MP: 5/10
   549 | D        | Learned a level 3 spell: Confusing Touch
   553 | D        | Learned a level 3 spell: Tukima's Dance
   555 | D        | Found a shimmering blue altar of Sif Muna.
   556 | D        | Found an ornate altar of the Wu Jian Council.
   557 | D        | Found a radiant altar of Vehumet.
   562 | D        | Reached skill level 18 in Stealth
   562 | D        | Reached XP level 6. HP: 28/28 MP: 11/11
   579 | D        | Found Ugizop's Distillery.
   579 | D        | Found an ancient bone altar of Kikubaaqudgha.
   579 | D        | Found a hazy altar of Hepliaklqana.
   579 | D        | Found a stormy altar of Qazlal.
   579 | D        | Found a hide-covered altar of Uskayaw.
   579 | D        | Found a blossoming altar of Fedhas.
   579 | D        | Found a bloodstained altar of Trog.
   579 | D        | Found an iron altar of Okawaru.
   579 | D        | Found a basalt altar of Yredelemnul.
   579 | D        | Found a glowing golden altar of the Shining One.
   579 | D        | Found a snail-covered altar of Cheibriados.
   579 | D        | Found a sacrificial altar of Ru.
   579 | D        | Found a glowing silver altar of Zin.
   579 | D        | Found a shadowy altar of Dithmenos.
   579 | D        | Found a white marble altar of Elyvilon.
   579 | D        | Noticed a yak
   580 | D        | Found an opulent altar of Gozag.
   581 | D        | Killed a yak
   582 | D        | Reached skill level 19 in Stealth
   582 | D        | Reached skill level 5 in Spellcasting
   582 | D        | Reached skill level 5 in Hexes
   586 | D        | Became a worshipper of Sif Muna the Loreminder
   591 | D        | Found a sparkling altar of Nemelex Xobeh.
   622 | D        | Found a burning altar of Makhleb.
   622 | D        | Found a shimmering altar of Xom.
   622 | D        | Noticed a slime creature
   623 | D        | Found a viscous altar of Jiyva.
   623 | D        | Found a corrupted altar of Lugonu.
   625 | D        | Killed a slime creature
   626 | D        | Reached XP level 7. HP: 32/32 MP: 14/17
   648 | D        | Noticed Sonja
   652 | D        | Killed Sonja
   653 | D        | Reached skill level 21 in Stealth
   653 | D        | Reached XP level 8. HP: 36/36 MP: 17/21
   670 | D        | Found Ofejudoh's Antique Weapon Boutique.
   690 | D        | Noticed a deep troll
   694 | D        | Killed a deep troll
   694 | D        | Reached * piety under Sif Muna
   695 | D        | Reached skill level 22 in Stealth
   704 | D        | Found Imal's Armour Emporium.
   709 | D        | Bought a +2 cloak for 231 gold pieces
   737 | D        | Noticed a centaur warrior
   737 | D        | Noticed a centaur warrior
   738 | D        | Killed a centaur warrior
   739 | D        | Reached skill level 23 in Stealth
   739 | D        | Reached skill level 10 in Spellcasting
   739 | D        | Reached skill level 10 in Hexes
   739 | D        | Reached XP level 9. HP: 39/39 MP: 22/24
   739 | D        | Killed a centaur warrior
   740 | D        | Reached skill level 24 in Stealth
   759 | D        | Reached ** piety under Sif Muna
   770 | D        | Noticed an oklob plant
   786 | D        | Killed an oklob plant
   797 | D        | Reached *** piety under Sif Muna
   822 | D        | Reached XP level 10. HP: 44/44 MP: 23/27
   835 | D        | Reached skill level 5 in Dodging
   849 | D        | Reached **** piety under Sif Muna
   856 | D        | Reached ***** piety under Sif Muna
   856 | D        | Received a gift from Sif Muna
   858 | D        | Got Sif Muna's Grimoire of Bewitching Attacks {god gift}
   884 | D        | Reached skill level 5 in Short Blades
  1096 | D        | Reached skill level 25 in Stealth
  1474 | D        | Learned a level 3 spell: Dazzling Flash
  1477 | D        | Learned a level 2 spell: Passwall
  1483 | D        | Learned a level 5 spell: Lee's Rapid Deconstruction
  1486 | D        | Learned a level 2 spell: Slow
  1512 | D        | Found Opness's Antique Weapon Shoppe.
  1512 | D        | Found Mumm's Armour Shop.
  1512 | D        | Found Lallum's Antique Weapon Boutique.
  1514 | D        | Found Xunob's Assorted Antiques.
  1514 | D        | Found Daopurod's Antique Weapon Shop.
  1514 | D        | Found Wiosem's Jewellery Shoppe.
  1514 | D        | Found Erustrukh's Assorted Antiques.
  1514 | D        | Found Qaes's Distillery.
  1514 | D        | Found Dicehiagou's Armour Shop.
  1514 | D        | Found Xecuuner's Antique Armour Shoppe.
  1520 | D        | Found Ukonoc's Assorted Antiques.
  1521 | D        | Found Vamuoto's Assorted Antiques.
  1521 | D        | Found Qeutem's Armour Boutique.
  1522 | D        | Found Xoriorio's Armour Emporium.
  1530 | D        | Bought a +2 hat of intelligence for 210 gold pieces
  1530 | D        | Bought the +2 robe of Courage {rC+ Dex+5} for 352 gold
                  | pieces
  1549 | D        | Bought a glass wand for 88 gold pieces
  1549 | D        | Bought a wand of iceblast (1) for 88 gold pieces
  1557 | D        | Bought a crooked silver wand for 68 gold pieces
  1559 | D        | Bought a ring of poison resistance for 220 gold pieces
  1635 | D        | Reached skill level 1 in Transmutations
  1635 | D        | Reached skill level 1 in Earth Magic
  1641 | D        | Received a gift from Sif Muna
  1652 | D        | Slain by a demonic crawler

Illustrated notes

Levels and vault maps discovered:
D:        dungeon_sprint_1 [red_sonja_temple_1, red_sonja_temple_small_1]

Skill      XL: |  1  2  3  4  5  6  7  8  9 10 |
---------------+-------------------------------+-----
Stealth        | 10 14 17 18 19 21 23 24 25 | 25.2
Spellcasting   | 3 6 8 10 12 13 | 13.0
Hexes          | 4 6 8 10 12 13 | 13.2
Short Blades   | 3 6 |  6.2
Dodging        | 4 7 |  7.8
Transmutations | 3 |  3.1
Earth Magic    | 2 |  2.1

Action                   |  1- 3 |  4- 6 |  7- 9 | 10-12 || total
-------------------------+-------+-------+-------+-------++-------
Melee: Dagger            |     4 |     4 |    23 |    73 ||   104
 Cast: Ensorcelled Hiber |       |     2 |     1 |     1 ||     4
       Confusing Touch   |       |       |     1 |     9 ||    10
       Passwall          |       |       |       |     2 ||     2
       Dazzling Flash    |       |       |       |     2 ||     2
  Use: Potion            |     1 |     1 |       |       ||     2
       Scroll            |       |       |     1 |       ||     1
 Stab: Sleeping          |     2 |     4 |     8 |    14 ||    28
       Confused          |       |       |     2 |     7 ||     9
Armor: Robe              |       |       |       |     4 ||     4
Dodge: Dodged            |     1 |     1 |     1 |    45 ||    48
